 Dungeon Crawl Stone Soup version 0.23.2-1-ga50397a (webtiles) character file.

Game seed: 8210772823529091671

3087 MalarOregon the Grappler (level 9, -11/78 HPs)
             Began as a Ghoul Gladiator on May 29, 2019.
             Was an Initiate of Makhleb.
             Mangled by a hornet zombie (12 damage)
             ... on level 7 of the Dungeon.
             The game lasted 00:11:16 (6857 turns).

MalarOregon the Grappler (Ghoul Gladiator)          Turns: 6857, Time: 00:11:17

Health: -11/78     AC:  7    Str: 21    XL:     9   Next: 89%
Magic:  4/8        EV: 14    Int:  3    God:    Makhleb [......]
Gold:   420        SH:  0    Dex: 10    Spells: 8/8 levels left

rFire    . . .     SeeInvis .     - Unarmed
rCold    + . .     Gourm    .   (no shield)
rNeg     + + +     Faith    .   q - +1 leather armour {rPois}
rPois    ∞         Spirit   .   b - +0 helmet
rElec    .         Reflect  .   k - +1 cloak
rCorr    .         Harm     .   (no gloves)
MR       .....                  (no boots)
Stlth    +.........             (no amulet)
HPRegen  0.00/turn              (no ring)
MPRegen  0.11/turn              (no ring)

@: about to teleport, rotting
A: rotting body, claws 1, carnivore, cold resistance 1, negative energy
resistance 3, inhibited regeneration, torment resistance, unbreathing
a: Renounce Religion


You were on level 7 of the Dungeon.
You worshipped Makhleb.
Makhleb was noncommittal.
You were not hungry.

You visited 1 branch of the dungeon, and saw 7 of its levels.

You collected 420 gold pieces.

Inventory:

Missiles
 c - 5 throwing nets (quivered) {!f}
 g - 6 tomahawks
Armour
 b - a +0 helmet (worn)
 k - a +1 cloak (worn)
   (You found it on level 2 of the Dungeon)
 q - a +1 leather armour of poison resistance (worn)
   (You found it on level 5 of the Dungeon)
Wands
 a - a wand of clouds (1)
   (You found it on level 5 of the Dungeon)
 m - a wand of polymorph (11)
   (You took it off Edmund on level 4 of the Dungeon)
Scrolls
 d - 4 scrolls of identify {@r1}
 h - 6 scrolls of remove curse {@r2}
 i - a scroll of immolation {!r}
 j - 4 scrolls of teleportation {@r4}
 l - a scroll of enchant armour
 n - a scroll of fear
 o - a scroll of amnesia
 p - 2 scrolls of magic mapping
 r - 3 scrolls of enchant weapon
Potions
 f - a potion of flight {unknown}
Comestibles
 e - 17 rations {!d}


   Skills:
 + Level 6.9 Fighting
 + Level 5.7 Throwing
 + Level 6.1 Dodging
 * Level 9.9 Unarmed Combat


You had 8 spell levels left.
You didn't know any spells.
Your spell library was empty.

Dungeon Overview and Level Annotations

Branches:
Dungeon (7/15)
 Temple: D:4-7

Altars:
Kikubaaqudgha
Makhleb
Qazlal
Sif Muna
Vehumet


Innate Abilities, Weirdness & Mutations

Your body is rotting away.
You thrive on raw meat.
You are immune to poison.
You have sharp fingernails.
You are carnivorous and can eat meat at any time.
Your flesh is cold resistant. (rC+)
You are immune to negative energy. (rN+++)
You do not regenerate when monsters are visible.
You are immune to unholy pain and torment.
You can survive without breathing.


Message History

You scratch the scorpion but do no damage.
An ogre comes into view. It is wielding a +0 giant club.
The scorpion completely misses you. The iguana bites you!
You claw the scorpion!
You kill the scorpion!
Makhleb accepts your kill. The iguana bites you!
* * * LOW HITPOINT WARNING * * *
You closely miss the adder. The adder barely misses you.
The hornet zombie hits you but does no damage.
The iguana barely misses you.
You claw the adder!
You kill the adder!
Makhleb accepts your kill. The hornet zombie barely misses you.
You mangle the iguana!!
You kill the iguana!
Makhleb accepts your kill. The hornet zombie barely misses you.
An orc comes into view. It is wielding a +0 flail.
You claw the hornet zombie! The hornet zombie closely misses you.
You scratch the hornet zombie. The hornet zombie hits you.
* * * LOW HITPOINT WARNING * * *
You closely miss the hornet zombie. The hornet zombie hits you.
* * * LOW HITPOINT WARNING * * *
You scratch the ogre. The hornet zombie barely misses you.
The ogre hits you with a +0 giant club!
* * * LOW HITPOINT WARNING * * *
You mangle the ogre!! The hornet zombie closely misses you.
You mangle the ogre!!
You kill the ogre!
Makhleb accepts your kill. The hornet zombie barely misses you.
You claw the hornet zombie! The hornet zombie misses you.
An orc comes into view. It is wielding a +0 dagger.
Unknown command.
You closely miss the hornet zombie. The hornet zombie hits you.
* * * LOW HITPOINT WARNING * * *
An orc comes into view. It is wielding a +0 mace.
The hornet zombie hits you!
* * * LOW HITPOINT WARNING * * *
As you read the scroll of fear, it crumbles to dust.
You assume a fearsome visage.
The hornet zombie is unaffected.
The orc looks frightened! x3; The hornet zombie closely misses you.
An orc comes into view. It is wielding a +0 hand axe.
Unknown command.
As you read the scroll of teleportation {@r4}, it crumbles to dust.
You feel strangely unstable. The hornet zombie hits you!
You die...

#.#. . .. ##... .##.#
#########...#####
.....###.....##.........
......#.......#.........
....#..................o
....#..........Z.......o
....#.......$...@..o....
....÷...........).......
....#...................
....#...................
#####...................
#...............####
#..................
##..........##.....
####.........#. ......


You could see 3 orcs and a hornet zombie.

Vanquished Creatures
  A hippogriff (D:6)
  Prince Ribbit (D:6)
  Edmund (D:4)
  A water moccasin (D:6)
  A sky beast (D:5)
  An eye of draining (D:7)
  4 ogres
  A black bear (D:6)
  2 phantoms (D:4)
  3 centaurs
  2 bullfrogs (D:6)
  A water moccasin skeleton (D:4)
  A scorpion (D:7)
  3 killer bees (D:6)
  4 howler monkeys
  A crimson imp (D:5)
  A bullfrog zombie (D:5)
  A hound (D:6)
  A jelly (D:7)
  7 orc wizards
  Crazy Yiuf (D:4)
  A bullfrog skeleton (D:5)
  2 centaur skeletons
  Terence (D:2)
  4 worker ants
  3 iguanas
  2 hound zombies
  A worker ant zombie (D:5)
  7 gnolls
  11 adders
  A worm (D:2)
  A dart slug (D:2)
  5 leopard geckos
  21 orcs
  3 giant cockroaches
  9 goblins
  11 hobgoblins
  15 jackals
  A quokka (D:6)
  2 ball pythons
  8 bats
  3 frilled lizards
  A jackal skeleton (D:6)
  9 kobolds
  7 rats
  A fungus (D:4)
169 creatures vanquished.

Notes
Turn   | Place    | Note
-------+----------+-------------------------------------------
     0 | D:1      | MalarOregon the Ghoul Gladiator began the quest for the
                  | Orb.
     0 | D:1      | Reached XP level 1. HP: 17/17 MP: 0/0
    88 | D:1      | Reached XP level 2. HP: 21/25 MP: 1/1
   332 | D:1      | Reached XP level 3. HP: 20/30 MP: 2/2
   603 | D:2      | Reached skill level 4 in Unarmed Combat
   729 | D:1      | Reached XP level 4. HP: 28/37 MP: 3/3
  1271 | D:2      | Reached XP level 5. HP: 34/45 MP: 4/4
  1331 | D:2      | Noticed Terence
  1345 | D:2      | Killed Terence
  1882 | D:3      | Found a radiant altar of Vehumet.
  1957 | D:3      | Reached skill level 5 in Unarmed Combat
  1982 | D:3      | Reached XP level 6. HP: 16/50 MP: 5/5
  2586 | D:4      | Noticed Edmund
  2589 | D:4      | Noticed a phantom
  2619 | D:4      | Killed Edmund
  2619 | D:4      | Reached XP level 7. HP: 24/58 MP: 6/6
  2633 | D:4      | Reached skill level 6 in Unarmed Combat
  3918 | D:4      | Found a runed translucent door.
  3919 | D:4      | Noticed Crazy Yiuf
  3925 | D:4      | Killed Crazy Yiuf
  3989 | D:5      | Entered Level 5 of the Dungeon
  4018 | D:5      | Reached skill level 7 in Unarmed Combat
  4018 | D:5      | Reached XP level 8. HP: 57/67 MP: 7/7
  4294 | D:5      | Reached skill level 5 in Fighting
  4810 | D:5      | Reached skill level 5 in Dodging
  5014 | D:5      | Reached skill level 8 in Unarmed Combat
  5573 | D:6      | Reached XP level 9. HP: 51/75 MP: 8/8
  5825 | D:6      | Reached skill level 5 in Throwing
  5898 | D:6      | Reached skill level 9 in Unarmed Combat
  5974 | D:6      | Found a deep blue altar of Sif Muna.
  5974 | D:6      | Found an ancient bone altar of Kikubaaqudgha.
  5974 | D:6      | Found a stormy altar of Qazlal.
  5975 | D:6      | Found a burning altar of Makhleb.
  5988 | D:6      | Became a worshipper of Makhleb the Destroyer
  6133 | D:7      | Noticed Prince Ribbit
  6228 | D:6      | HP: 1/78 [Prince Ribbit (9)]
  6232 | D:6      | Killed Prince Ribbit
  6855 | D:7      | HP: 1/78 [hornet zombie (13)]
  6857 | D:7      | Mangled by a hornet zombie

Skill      XL: |  1  2  3  4  5  6  7  8  9 |
---------------+----------------------------+-----
Throwing       | 2 3 4 5 |  5.7
Dodging        | 3 4 5 6 |  6.1
Unarmed Combat | 4 5 7 8 9 |  9.9
Fighting       | 3 4 5 6 |  6.9

Action                   |  1- 3 |  4- 6 |  7- 9 || total
-------------------------+-------+-------+-------++-------
Melee: Unarmed           |   121 |   191 |   408 ||   720
       Punch             |     1 |     4 |    12 ||    17
Evoke: Wand              |       |       |     1 ||     1
  Use: Scroll            |     3 |       |    10 ||    13
       Potion            |       |     3 |     1 ||     4
 Stab: Invisible         |       |     5 |       ||     5
  Eat: Chunk             |     2 |    10 |    17 ||    29
       Ration            |       |     1 |       ||     1
Armor: Leather armour    |    33 |    49 |   101 ||   183
Dodge: Dodged            |    87 |   144 |   233 ||   464
